 Dungeon Crawl Stone Soup version 0.28-a0-511-gcc94558de3 (webtiles) character file.

Game seed: 7598440201273963539

86 barkas the Grasshopper (level 4, -1/40 HPs)
             Began as a Naga Warper on Sept 21, 2021.
             Slain by a gnoll (7 damage)
             ... on level 2 of the Dungeon.
             The game lasted 00:02:32 (2127 turns).

barkas the Grasshopper (Naga Warper)                Turns: 2127, Time: 00:02:33

Health: -1/40      AC:  3    Str: 14    XL:     4   Next: 50%
Magic:  7/7        EV:  9    Int: 13    God:
Gold:   58         SH:  0    Dex: 11    Spells: 7/7 levels left

rFire   . . .      SeeInvis +   a - +0 hand axe
rCold   . . .      Faith    .   (no shield)
rNeg    . . .      Spirit   .   b - +0 leather armour
rPois   +          Reflect  .   m - +0 helmet
rElec   .          Harm     .   (no cloak)
rCorr   .          Rampage  .   (no gloves)
Will    .....                   (no barding)
Stlth   +.........              (no amulet)
HPRegen 0.13/turn               (no ring)
MPRegen 0.10/turn               (no ring)

@: very slow
A: AC +1, large, see invisible, deformed body, poison resistance, slowness 2,
spit poison 1, naga tail 1
a: Spit Poison


You were on level 2 of the Dungeon.
You visited 1 branch of the dungeon, and saw 2 of its levels.

You collected 136 gold pieces.
You spent 78 gold pieces at shops.

Inventory:

Hand Weapons
 a - a +0 hand axe (weapon)
Missiles
 d - 5 boomerangs of dispersal
 i - 3 poisoned darts (quivered)
Armour
 b - a +0 leather armour (worn)
 m - a +0 helmet (worn)
Scrolls
 c - a scroll of blinking
 e - 2 scrolls of acquirement {unknown}
 f - a scroll of identify {unknown}
 g - a scroll of summoning {unknown}
 k - a scroll of immolation {unknown}
 l - 2 scrolls of teleportation
Potions
 h - a potion of lignification {unknown}
 j - a potion of attraction {unknown}


   Skills:
 + Level 2.7 Fighting
 * Level 3.5 Axes
 - Level 0.8 Throwing
 - Level 0.7 Armour
 - Level 1.5 Dodging
 - Level 2.0 Spellcasting
 + Level 3.6 Translocations


You had 7 spell levels left.
You didn't know any spells.
Your spell library contained the following spells:

 Spells                   Type           Power      Damage    Failure   Level
 Blink                    Tloc           N/A        N/A       11%         2
 Gell's Gravitas          Tloc           5%         N/A       22%         3
 Lesser Beckoning         Tloc           10%        N/A       22%         3
 Teleport Other           Tloc           10%        N/A       22%         3
 Manifold Assault         Tloc           10%        N/A       90%         5
 Animate Armour           Summ/Erth      2%         N/A       97%         4
 Blade Hands              Tmut           0%         N/A       100%        5
 Iron Shot                Conj/Erth      0%         9d1       100%        6


Dungeon Overview and Level Annotations

Branches:
Dungeon (2/15)

Altars:

Shops:
D:2 ?


Innate Abilities, Weirdness & Mutations

Your serpentine skin is tough. (AC +1)
You have supernaturally acute eyesight. (SInv)
Armour fits poorly on your strangely shaped body.
Your system is resistant to poisons. (rPois)
You cover ground very slowly.
You can spit poison.
You have a snake-like lower body.


Message History

The gnoll is moderately wounded.
You have got your breath back.
The gnoll hits you with a +0 flail.
Throw: 6 darts (poison)
Press: ? - help, Q - select action, (/) - cycle Shift-Dir - straight line, f/p - gnoll
Aim: a gnoll, wielding a +0 whip (60% to hit)
You throw a poisoned dart. The poisoned dart hits the gnoll.
The gnoll looks as sick as possible!
The gnoll is heavily wounded.
The gnoll closely misses you.
Throw: 5 darts (poison)
Press: ? - help, Q - select action, (/) - cycle Shift-Dir - straight line, f/p - gnoll
Aim: a gnoll, wielding a +0 whip (60% to hit)
You throw a poisoned dart. The poisoned dart hits the gnoll.
The gnoll is severely wounded.
The gnoll closely misses you.
You hit the gnoll.
You kill the gnoll!
Press: ? - help, Shift-Dir - straight line, f/p - gnoll
Aim: a gnoll, wielding a +0 whip The splash of poison hits the gnoll!
The gnoll is poisoned.
The gnoll is severely wounded.
The gnoll hits you with a +0 whip.
A bat comes into view.
Unknown command.
Throw: 4 darts (poison)
Press: ? - help, Q - select action, (/) - cycle Shift-Dir - straight line, f/p - gnoll
Aim: a gnoll, wielding a +0 whip (almost dead, poisoned, 60% to hit)
You throw a poisoned dart.
The poisoned dart barely misses the gnoll.
The poisoned dart hits the gnoll.
The gnoll is poisoned.
The gnoll barely misses you. The gnoll hits you with a +0 whip.
* * * LOW HITPOINT WARNING * * *
You barely miss the gnoll.
The gnoll is almost dead.
You have got your breath back.
The gnoll hits you with a +0 whip.
* * * LOW HITPOINT WARNING * * *
The gnoll hits you from afar with a +0 spear!
You die...

........##
##...............##
#........##
##...#..#.###.....##
..####....###.#.)#..#.#
#.>...## #
#...#.#..........#
########
#.....####.#...###
###.##..####.....#
#...##.....###..## ##
#.#...∩....###..### #.
#.#....##...@.....# #.
# ###..####g#####.# #.
#... #g# .(. .. ..#.#
#b# ### ### ... .# #.#
#### .. ... .# ... ..
... .....


You could see 2 gnolls and a bat.

Vanquished Creatures
  A hound skeleton (D:2)
  A gnoll (D:2)
  2 adders (D:2)
  2 worms (D:2)
  2 bats
  An endoplasm (D:2)
  2 giant cockroaches
  2 goblins (D:1)
  5 hobgoblins
  2 jackals (D:1)
  7 kobolds
  A quokka (D:1)
  A ball python (D:1)
  6 frilled lizards (D:1)
  6 rats
41 creatures vanquished.

Notes
Turn   | Place    | Note
-------+----------+-------------------------------------------
     0 | D:1      | barkas the Naga Warper began the quest for the Orb.
     0 | D:1      | Reached XP level 1. HP: 19/19 MP: 3/3
   258 | D:1      | Reached XP level 2. HP: 26/26 MP: 5/5
   572 | D:1      | Reached XP level 3. HP: 30/33 MP: 6/6
   936 | D:1      | Found a faded altar of an unknown god.
  1406 | D:2      | Found Ankaax's Magic Scroll Shoppe.
  1424 | D:2      | Bought a scroll of teleportation for 39 gold pieces
  1424 | D:2      | Bought a scroll of teleportation for 39 gold pieces
  1603 | D:2      | Reached XP level 4. HP: 12/40 MP: 7/7
  2127 | D:2      | Slain by a gnoll

Illustrated notes

Levels and vault maps discovered:
D:1:      nagdon_arrival_zigzag_paths, layout_basic,
          hellmonk_ecumenical_altar_pennies_from_heaven,
          corexii_leaking_fountain, minmay_small_reverse_x
D:2:      layout_loops_cross, serial_shops, nicolae_square_shop, uniq_robin

Skill      XL: |  1  2  3 |
---------------+----------+-----
Axes           | 3 |  3.5
Fighting       | |  2.7
Throwing       | |  0.8
Armour         | |  0.7
Dodging        | |  1.5
Spellcasting   | |  2.0
Translocations | |  3.6

Action                   |  1- 3 |  4- 6 || total
-------------------------+-------+-------++-------
Melee: Hand axe          |    95 |    20 ||   115
Throw: Dart              |       |     5 ||     5
 Abil: Spit Poison       |    24 |     7 ||    31
Armor: Leather armour    |    22 |     2 ||    24
Dodge: Dodged            |    48 |    16 ||    64

Table legend: (Time is in decaauts)
 A = Elapsed time spent in this place.
 B = Non-inter-level travel time spent in this place.
 C = Inter-level travel time spent in this place.
 D = Time resting spent in this place.
 E = Time spent auto-exploring this place.
 F = Levels seen in this place.
 G = Mean time per level.
                   A        B        C        D        E       F      G
               +--------+--------+--------+--------+--------+-----+--------+
         Total |   2403 |   2385 |     18 |    749 |   1251 |   2 | 1201.5 |
       Dungeon |   2403 |   2385 |     18 |    749 |   1251 |   2 | 1201.5 |
               +--------+--------+--------+--------+--------+-----+--------+

Top non-repeatable levels by time:
     D:1: 1233 daAuts
     D:2: 1170 daAuts
